AoeStats
← zamithdaniel

Black Forest

507167856Analyzed
3v3 RM · 16d ago on Sep 16, 2026· 53m 15s· 6 players
Game mode
Random Map
Map size
Normal (6 player)
Population
200
Speed
Normal
Resources
Standard
Victory
Conquest
Starting age
Dark Age
Ending age
Imperial Age
RankedLock teamsTeams togetherTeam positionsShared explorationLock speedFull tech treeHidden civsTurbo modeCheats
Victory
Defeat
🇨🇴 Turks · Colombia
972
+9
🇨🇴 Britons · Colombia
935
+10
🇨🇴 Persians · Colombia
876
+12
🇲🇽 Cumans · Mexico
841
-12
🇺🇸 Teutons · United States
819
-11
🇨🇦 Byzantines · Canada
740
-8
ᅚᅚ
1:50 Loom
13:04 Feudal Age
13:41 Double-Bit Axe
20:09 Castle Age
20:22 Fletching
22:25 Bodkin Arrow
22:16 Pikeman
24:39 Horse Collar
26:41 Bow Saw
34:05 Imperial Age
32:08 Heavy Plow
32:37 Elite Skirmisher
34:16 Wheelbarrow
34:46 Ballistics
34:25 Murder Holes
35:12 Thumb Ring
36:28 Chemistry
36:48 Two-Man Saw
40:32 Onager
Strive4Richs601
1:52 Loom
14:17 Feudal Age
15:42 Double-Bit Axe
15:42 Horse Collar
22:14 Castle Age
21:58 Stone Mining
22:01 Gold Mining
22:07 Fletching
22:21 Scale Mail Armor
22:32 Forging
22:49 Scale Barding Armor
26:14 Stone Shaft Mining
29:20 Bow Saw
32:30 Wheelbarrow
33:27 Heavy Plow
37:55 Imperial Age
36:31 Hand Cart
37:20 Fortified Wall
37:31 Ballistics
37:21 Masonry
38:09 Iron Casting
37:49 Chain Mail Armor
37:54 Chain Barding Armor
37:26 Town Watch
38:18 Bloodlines
40:17 Chemistry
39:22 Siege Engineers
39:55 Caravan
40:47 Hoardings
40:04 Gambesons
40:20 Squires
40:28 Cavalier
41:56 Conscription
42:49 Crop Rotation
42:53 Plate Mail Armor
43:25 Two-Man Saw
42:17 Arson
43:18 Elite Teutonic Knight
44:37 Pikeman
46:52 Blast Furnace
srpizzas1
16:15 Feudal Age
19:04 Double-Bit Axe
21:17 Loom
24:34 Castle Age
27:06 Forging
28:14 Bow Saw
28:38 Scale Mail Armor
29:15 Iron Casting
37:54 Imperial Age
36:55 Gold Mining
36:52 Horse Collar
38:48 Squires
40:15 Chemistry
41:01 Elite Skirmisher
42:37 Fletching
42:48 Padded Archer Armor
Dovahkyn
5:41 Loom
10:29 Feudal Age
17:25 Castle Age
15:08 Horse Collar
15:15 Double-Bit Axe
19:50 Gold Mining
21:00 Heavy Plow
24:10 Bow Saw
24:32 Stone Mining
28:38 Wheelbarrow
28:38 Fervor
29:55 Fletching
30:05 Padded Archer Armor
33:23 Imperial Age
31:55 Yeomen
31:26 Town Watch
32:01 Hand Cart
31:33 Town Watch
32:26 Gold Shaft Mining
33:00 Bodkin Arrow
33:20 Leather Archer Armor
33:16 Forging
33:11 Caravan
33:22 Crossbowman
33:25 Elite Skirmisher
34:21 Bracer
35:05 Conscription
36:53 Chemistry
36:14 Ballistics
35:34 Treadmill Crane
35:33 Heavy Scorpion
37:55 Ring Archer Armor
38:00 Iron Casting
39:45 Coinage
39:40 Fortified Wall
39:06 Elite Longbowman
44:59 Masonry
45:22 Warwolf
47:20 Siege Engineers
48:04 Arbalester
50:49 Two-Man Saw
Griffith
0:40 Loom
12:02 Feudal Age
20:14 Castle Age
29:20 Double-Bit Axe
34:24 Imperial Age
34:36 Padded Archer Armor
34:26 Fletching
34:42 Scale Barding Armor
35:10 Conscription
35:47 Elite War Elephant
36:50 Leather Archer Armor
38:01 Chain Barding Armor
38:46 Wheelbarrow
39:43 Ballistics
39:59 Ring Archer Armor
39:22 Horse Collar
39:58 Bow Saw
41:47 Hand Cart
42:50 Plate Barding Armor
43:35 Chemistry
43:17 Bodkin Arrow
44:54 Heavy Cavalry Archer
zamithdaniel
2:20 Loom
11:45 Feudal Age
12:38 Double-Bit Axe
13:02 Horse Collar
20:10 Castle Age
23:59 Gold Mining
24:05 Stone Mining
28:23 Bow Saw
29:46 Heavy Plow
34:36 Imperial Age
32:45 Wheelbarrow
31:55 Town Watch
33:34 Padded Archer Armor
33:45 Forging
33:41 Scale Barding Armor
34:37 Hand Cart
35:16 Gold Shaft Mining
36:49 Leather Archer Armor
37:10 Iron Casting
36:55 Chain Barding Armor
36:39 Artillery
36:59 Conscription
37:08 Elite Janissary
38:22 Ring Archer Armor
37:47 Fletching
40:58 Bloodlines
40:51 Husbandry
41:25 Ballistics
41:16 Fortified Wall
44:48 Plate Barding Armor
45:14 Blast Furnace
Connection lost

Rejoining the realm…

Still unreachable

The connection could not be restored.

Session expired

The server has moved on; the page needs a fresh start.